 Dungeon Crawl Stone Soup version 0.30-a0-137-gd8773701ce (webtiles) character file.

Game seed: 2403023967786896648

1300317 EnegeticOcto the Sorcerer (level 25, 197/197 HPs)
             Began as a Mummy Wanderer on Sept 21, 2022.
             Was a Priest of Sif Muna.
             Escaped with the Orb
             ... and 3 runes on Sept 22, 2022!
             The game lasted 03:41:00 (120428 turns).

EnegeticOcto the Sorcerer (Mummy Wanderer)        Turns: 120428, Time: 03:41:00

Health: 197/197    AC: 28    Str: 20    XL:     25   Next: 70%
Magic:  49/52      EV: 18    Int: 22    God:    Sif Muna [***...]
Gold:   5084       SH: 18    Dex: 18    Spells: 21/74 levels left

rFire   + . .      SeeInvis +    a - staff of conjuration
rCold   + + .      Faith    +    x - +3 buckler of Weightlessness {Fly Will+ Slay+3}
rNeg    + + +      Spirit   +    Y - +7 swamp dragon scales
rPois   ∞          Reflect  .    l - +2 helmet
rElec   +          Harm     .    c - scarf {repulsion}
rCorr   +          Rampage  .    S - +2 pair of gloves "Eruikhli" {Str+4}
Will    ++++.                    g - +2 pair of boots
Stlth   +.........               m - brooch of Shielding {Spirit SH+8}
HPRegen 0.42/turn                t - ring "Unusinuz" {rF++ rC+ rN+}
MPRegen 0.33/turn                q - ring "Ywarch" {rElec rN+ rCorr Dex+6 SInv}

@: flying, repel missiles
A: cold resistance 1, negative energy resistance 3, torment resistance 2, heat
vulnerability 1, in touch with death 2, no potions, faith
0: Orb of Zot
}: 3/15 runes: serpentine, barnacled, slimy
a: Renounce Religion, Channel Magic, Forget Spell


You escaped.
You worshipped Sif Muna.
Sif Muna was most pleased with you.
You visited 12 branches of the dungeon, and saw 55 of its levels.
You visited 1 ziggurat, and saw 5 of its levels.
You also visited: Ice Cave and Wizlab.

You collected 8722 gold pieces.
You spent 3638 gold pieces at shops.

Inventory:

Hand Weapons
 H - a +1 dagger of chaos
   (You took it off a crimson imp on level 7 of the Dungeon)
 K - the +4 spear of Cataclysm {speed, Fly Will+++ Int-3}
   (You bought it in a shop on level 10 of the Dungeon)

   Attacks with this weapon are significantly faster.
   Int:       It affects your intelligence (-3).
   Fly:       It grants you flight.
   Will:      It greatly increases your willpower.
 T - a +9 broad axe of distortion
   (You took it off a deep elf high priest on level 3 of the Elven Halls)
Missiles
 h - 12 atropa-tipped darts
 r - 50 poisoned darts
 u - 63 boomerangs
 L - 5 curare-tipped darts (quivered)
 O - 7 throwing nets {!f}
Armour
 c - a scarf of repulsion (worn)
   (You found it on level 1 of the Shoals)
 g - a +2 pair of boots (worn)
   (You found it on level 4 of the Dungeon)
 l - a +2 helmet (worn)
   (You found it on level 2 of the Dungeon)
 x - the +3 buckler of Weightlessness (worn) {Fly Will+ Slay+3}
   (You acquired it in a wizard's laboratory)

   Slay:      It affects your accuracy & damage with ranged weapons and melee
   (+3).
   Fly:       It grants you flight.
   Will:      It increases your willpower.
 I - the +0 leather armour "Ydit" {rN+ Regen+ Int+4}
   (You found it on level 8 of the Dungeon)

   Int:       It affects your intelligence (+4).
   rN:        It protects you from negative energy.
   Regen:     It increases your rate of health regeneration.
 N - a +2 cloak of stealth
   (You found it on level 3 of the Depths)
 S - the +2 pair of gloves "Eruikhli" (worn) {Str+4}
   (You found it on level 5 of the Lair of Beasts)

   Str:       It affects your strength (+4).
 X - a +1 kite shield of reflection
   (You took it off a vault guard on level 1 of the Vaults)
 Y - +7 swamp dragon scales (worn)
   (You found it on level 5 of the Pits of Slime)
Magical Staves
 a - a staff of conjuration (weapon)
   (You found it on level 3 of the Elven Halls)
 b - a staff of fire
   (You took it off an orc on level 8 of the Dungeon)
 G - a staff of air
   (You found it on level 3 of the Elven Halls)
Jewellery
 f - a ring of wizardry
   (You found it on level 1 of the Dungeon)
 m - the brooch of Shielding (around neck) {Spirit SH+8}
   (You found it in an ice cave)

   [amulet of guardian spirit]

   It causes incoming damage to be divided between your reserves of health and
   magic.
   SH:        It affects your SH (+8).
 q - the ring "Ywarch" (right hand) {rElec rN+ rCorr Dex+6 SInv}
   (You found it on level 1 of the Orcish Mines)

   [ring of dexterity]

   Dex:       It affects your dexterity (+6).
   rElec:     It insulates you from electricity.
   rN:        It protects you from negative energy.
   SInv:      It lets you see invisible.
   rCorr:     It protects you from acid and corrosion.
 t - the ring "Unusinuz" (left hand) {rF++ rC+ rN+}
   (You found it on level 1 of the Orcish Mines)

   [ring of protection from cold]

   rF:        It greatly protects you from fire.
   rC:        It protects you from cold.
   rN:        It protects you from negative energy.
 w - the amulet "Vuniestu" {RegenMP *Slow rC+ rCorr Int+10}
   (You took it off a deep elf archer on level 3 of the Elven Halls)

   [amulet of magic regeneration]

   It increases your rate of magic regeneration.
   Int:       It affects your intelligence (+10).
   rC:        It protects you from cold.
   rCorr:     It protects you from acid and corrosion.
   *Slow:     It may slow you when you take damage.
 z - the ring of Aqeesteehi {*Corrode rC+ rN++ Will+ Int+6}
   (You took it off a deep elf annihilator on level 3 of the Elven Halls)

   [ring of intelligence]

   Int:       It affects your intelligence (+6).
   rC:        It protects you from cold.
   rN:        It greatly protects you from negative energy.
   *Corrode:  It may corrode you when you take damage.
   Will:      It increases your willpower.
 Q - the ring of Linearity {Fire Fly rElec rCorr Str-2}
   (You found it on level 5 of the Pits of Slime)

   [ring of fire]

   It enhances your fire magic.
   Str:       It affects your strength (-2).
   rF:        It protects you from fire.
   rC:        It makes you vulnerable to cold.
   rElec:     It insulates you from electricity.
   Fly:       It grants you flight.
   rCorr:     It protects you from acid and corrosion.
 W - a +4 ring of protection
   (You took it off an ironbound preserver on level 1 of the Vaults)
Wands
 p - a wand of digging (16) {@v3}
   (You found it on level 3 of the Dungeon)
 s - a wand of iceblast (46) {@v2}
   (You found it on level 3 of the Lair of Beasts)
 v - a wand of flame (110) {@v4}
   (You found it on level 4 of the Dungeon)
 y - a wand of paralysis (27)
   (You found it on level 2 of the Shoals)
 A - a wand of polymorph (33)
   (You found it on level 6 of the Dungeon)
 E - a wand of mindburst (28)
   (You bought it in a shop on level 6 of the Dungeon)
 R - a wand of quicksilver (17) {@v1}
   (You found it on level 5 of the Lair of Beasts)
Scrolls
 d - 4 scrolls of silence {!r}
 i - 7 scrolls of blinking {@r4}
 j - 5 scrolls of vulnerability
 k - 12 scrolls of poison
 n - 6 scrolls of immolation
 C - 4 scrolls of magic mapping {@r5 !r}
 D - 4 scrolls of fog {!r}
 J - 36 scrolls of teleportation {@r3 !r}
 P - a scroll of torment
 U - 6 scrolls of fear {!r}
Miscellaneous
 e - a phantom mirror
   (You found it on level 3 of the Crypt)
 B - a tin of tremorstones (2/2)
   (You found it on level 3 of the Elven Halls)
 F - a phial of floods
   (You found it on level 3 of the Elven Halls)
 M - a condenser vane
   (You found it on level 4 of the Lair of Beasts)
 V - a box of beasts
   (You found it on level 13 of the Dungeon)


   Skills:
 - Level 16.0 Fighting
 - Level 1.0 Polearms
 - Level 12.0 Armour
 - Level 12.0 Dodging
 - Level 4.0 Stealth
 - Level 10.0 Shields
 + Level 25.4 Spellcasting
 - Level 14.0 Conjurations
 - Level 6.0 Hexes
 - Level 9.0 Necromancy
 - Level 4.0 Translocations
 - Level 8.0 Transmutations
 - Level 4.0 Fire Magic
 - Level 12.0 Air Magic
 - Level 10.0 Earth Magic
 - Level 8.0 Poison Magic
 - Level 15.0 Invocations
 - Level 9.0 Evocations


You had 21 spell levels left.
You knew the following spells:

 Your Spells              Type           Power      Damage    Failure   Level
a - Iron Shot             Conj/Erth      44%        9d9       2%          6
b - Conjure Ball Lightni  Conj/Air       45%        3x3d16    1%          6
c - Arcjolt               Conj/Air       45%        1d55      1%          5
d - Fireball              Conj/Fire      39%        3d16      1%          5
e - Yara's Violent Unrav  Hex/Tmut       28%        3d12      3%          5
f - Poisonous Vapours     Pois/Air       100%       N/A       1%          2
g - Apportation           Tloc           90%        N/A       1%          1
h - Stone Arrow           Conj/Erth      100%       3d13      1%          3
p - Passwall              Tmut/Erth      50%        N/A       1%          2
s - Vampiric Draining     Necr           100%       2d13      1%          3
z - Irradiate             Conj/Tmut      42%        3d25      1%          5
M - Borgnjor's Vile Clut  Necr/Erth      51%        N/A       1%          5
V - Swiftness             Air            69%        N/A       1%          3
Y - Blink                 Tloc           90%        N/A       1%          2

Your spell library contained the following spells:

 Spells                   Type           Power      Damage    Failure   Level
 Magic Dart               Conj           100%       1d8       0%          1
 Shock                    Conj/Air       100%       1d9       0%          1
 Searing Ray              Conj           100%       2d8       0%          2
 Static Discharge         Conj/Air       100%       2-7/arc   0%          2
 Foxfire                  Conj/Fire      100%       2x1d9     1%          1
 Necrotise                Necr           100%       1d9       1%          1
 Sandblast                Erth           100%       2d20      1%          1
 Slow                     Hex            100%       N/A       1%          1
 Sting                    Tmut/Pois      100%       1d8       1%          1
 Cigotuvi's Dreadful Rot  Necr/Pois/Air  100%       N/A       1%          2
 Ensorcelled Hibernation  Hex/Ice        82%        N/A       1%          2
 Scorch                   Fire           90%        2d10      1%          2
 Confusing Touch          Hex            53%        N/A       1%          3
 Dazzling Flash           Conj/Hex       100%       N/A       1%          3
 Gell's Gravitas          Tloc           45%        N/A       1%          3
 Ignite Poison            Fire/Tmut/Pois 55%        N/A       1%          3
 Inner Flame              Hex/Fire       49%        N/A       1%          3
 Kindle Blastsparks       Fire/Tloc/Air  100%       2d18      1%          3
 Lesser Beckoning         Tloc           45%        N/A       1%          3
 Mephitic Cloud           Conj/Pois/Air  86%        N/A       1%          3
 Portal Projectile        Hex/Tloc       98%        N/A       1%          3
 Summon Guardian Golem    Hex/Summ       41%        N/A       1%          3
 Teleport Other           Tloc           45%        N/A       1%          3
 Tukima's Dance           Hex            53%        N/A       1%          3
 Airstrike                Air            34%        2d(5-21)  1%          4
 Anguish                  Hex/Necr       47%        N/A       1%          4
 Animate Dead             Necr           100%       N/A       1%          4
 Cause Fear               Hex            26%        N/A       1%          4
 Dispel Undead            Necr           100%       3d31      1%          4
 Flame Wave               Conj/Fire      79%        2d17      1%          4
 Fulminant Prism          Conj/Hex       41%        3d20      1%          4
 Hailstorm                Conj/Ice       73%        3d15      1%          4
 Iskenderun's Mystic Bla  Conj/Tloc      79%        2d16      1%          4
 Leda's Liquefaction      Hex/Erth       29%        N/A       1%          4
 Olgreb's Toxic Radiance  Pois           58%        N/A       1%          4
 Petrify                  Tmut/Erth      61%        N/A       1%          4
 Sticky Flame             Conj/Fire      79%        2d9       1%          4
 Summon Lightning Spire   Summ/Air       53%        N/A       1%          4
 Agony                    Necr           100%       N/A       1%          5
 Freezing Cloud           Conj/Ice/Air   39%        6-21      1%          5
 Iskenderun's Battlesphe  Conj           94%        2d14      1%          5
 Lee's Rapid Deconstruct  Erth           32%        3d17*     1%          5
 Lightning Bolt           Conj/Air       45%        1d65      1%          5
 Silence                  Hex/Air        30%        N/A       1%          5
 Summon Small Mammal      Summ           100%       N/A       2%          1
 Animate Armour           Summ/Erth      98%        N/A       2%          4
 Alistair's Intoxication  Tmut/Pois      38%        N/A       2%          5
 Call Imp                 Summ           27%        N/A       3%          2
 Manifold Assault         Tloc           45%        N/A       4%          4
 Passage of Golubria      Tloc           45%        N/A       4%          4
 Orb of Destruction       Conj           47%        9d12      6%          7
 Call Canine Familiar     Summ           27%        N/A       7%          3
 Death Channel            Necr           50%        N/A       9%          6
 Starburst                Conj/Fire      39%        6d11      9%          6
 Eringya's Noxious Bog    Tmut/Pois      29%        N/A       13%         6
 Metabolic Englaciation   Hex/Ice        20%        N/A       19%         5
 Summon Mana Viper        Hex/Summ       41%        N/A       19%         5
 Summon Ice Beast         Ice/Summ       27%        N/A       22%         4
 Summon Forest            Summ/Tloc      18%        N/A       26%         5
 Simulacrum               Ice/Necr       41%        N/A       47%         6
 Dispersal                Tloc           22%        N/A       54%         6
 Spellforged Servitor     Conj/Summ      36%        N/A       71%         7
 Lehudib's Crystal Spear  Conj/Erth      44%        10d11     71%         8
 Maxwell's Capacitive Co  Air            34%        ∞         71%         8
 Enfeeble                 Hex            26%        N/A       85%         7
 Haunt                    Necr/Summ      41%        N/A       96%         7
 Summon Cactus Giant      Summ           13%        N/A       98%         6
 Infestation              Necr           50%        N/A       98%         8
 Malign Gateway           Summ/Tloc      18%        N/A       100%        7
 Monstrous Menagerie      Summ           13%        N/A       100%        7
 Summon Hydra             Summ           13%        N/A       100%        7
 Discord                  Hex            26%        N/A       100%        8
 Disjunction              Tloc           22%        N/A       100%        8
 Ignition                 Fire           22%        3d8       100%        8
 Summon Horrible Things   Summ           13%        N/A       100%        8
 Chain Lightning          Conj/Air       45%        3d60      100%        9
 Dragon's Call            Summ           13%        N/A       100%        9
 Fire Storm               Conj/Fire      39%        8d10      100%        9
 Polar Vortex             Ice            13%        N/A       100%        9
 Shatter                  Erth           32%        3d26*     100%        9
 Sublimation of Blood     Necr           Unusable   N/A       N/A         2
 Ice Form                 Ice/Tmut       Unusable   N/A       N/A         4
 Statue Form              Tmut/Erth      Unusable   N/A       N/A         6

Dungeon Overview and Level Annotations

Branches:
Dungeon (15/15)            Temple (1/1) D:6            Lair (5/5) D:8
 Shoals (4/4) Lair:2        Snake (4/4) Lair:2        Slime (5/5) Lair:5
    Orc (2/2) D:11            Elf (3/3) Orc:2        Vaults (4/5) D:13
  Crypt (3/3) Vaults:2       Tomb (0/3) Crypt:3      Depths (4/4) D:15
    Zot (5/5) Depths:4      IceCv (visited)          WizLab (visited)

Altars:
Ashenzari
Cheibriados
Dithmenos
Fedhas
Gozag
Hepliaklqana
Kikubaaqudgha
Makhleb
Nemelex Xobeh
Okawaru
Qazlal
Ru
Sif Muna
Trog
Uskayaw
Vehumet
Wu Jian
Xom
Yredelemnul
Jiyva

Shops:
D:6 *   D:10 (   D:15 !   Orc:1 ?   Orc:2 ([*[   Elf:3 [   Depths:2 !
Depths:4 :==

Portals:
Hell: Depths:1 Depths:2 Depths:3 Depths:4
Abyss: Depths:3
Pandemonium: Depths:1 Depths:2 Depths:4

Annotations:
Snake:3 2 transporters, fedoskokos's ghost, journeyman DsSu
Elf:2 3 runed translucent doors, exclusion: 3 doors
Vaults:4 exclusion: orange crystal statue
Crypt:2 1 runed translucent door, Arizal's ghost, veteran MiBe
Crypt:3 1 runed translucent door, exclusion: door, Bauwoixt's ghost, veteran GrFi
Zot:4 2 transporters


Innate Abilities, Weirdness & Mutations

You are immune to poison.
Your flesh is cold resistant. (rC+)
You are immune to negative energy. (rN+++)
You are immune to unholy pain and torment.
You are vulnerable to heat. (rF-)
You are strongly in touch with the powers of death.
You do not drink.
You have a special connection with the divine. (Faith)


Message History

Confirm with . or Enter, or press ? or * to list all spells.
Aiming: Iron Shot (mildly dangerous; 2% risk of failure)
Press: ? - help, Shift-Dir - straight line, f - ice devil
Aim: an ice devil (76% to hit)
You feel a surge of power!
The iron shot hits the ice devil!!
The ice devil is severely wounded.
You block the ice devil's attack. You block the ice devil's attack.
You see here a +0 war axe.
Casting: Iron Shot (mildly dangerous; 2% risk of failure)
Confirm with . or Enter, or press ? or * to list all spells.
You feel a surge of power!
You erupt in a fountain of uncontrolled magic!
The ice devil is blasted with magical radiation!!!
You kill the ice devil!
Sif Muna accepts your kill.
You are very lightly contaminated with residual magic.
(D) Dungeon (T) Temple (L) Lair (A) Shoals (P) Snake Pit (M) Slime Pits (O) Orcish Mines (E) Elven Halls (V) Vaults (C) Crypt (W) Tomb (U) Depths (H) Hell (Z) Zot
Where to? (Enter - D:1 @ (x,y), ? - help)
There is a stone staircase leading up here.
You fly upwards.
There is a stone staircase leading down here.
A cacodemon and 2 sixfirhies come into view.
The sixfirhy moves out of view.
Things that are here:
a +0 short sword; a +0 war axe You block the sixfirhy's attack. x2
The sixfirhy attacks as you move away! The sixfirhy hits you!
The sixfirhy shocks you. You resist.
Things that are here:
a +0 ring mail; a +0 mace The sixfirhy misses you.
You block the sixfirhy's attack. x2
The sixfirhy hits you but does no damage.
The sixfirhy closely misses you.
There is a stone staircase leading up here.
The sixfirhy hits you but does no damage.
You block the sixfirhy's attack.
You fly upwards.
There is a stone staircase leading down here.
Casting: Irradiate (mildly dangerous; 1% risk of failure)
Confirm with . or Enter, or press ? or * to list all spells.
You feel a surge of power!
You erupt in a fountain of uncontrolled magic!
The sixfirhy is blasted with magical radiation!!
The sixfirhy is heavily wounded.
The sixfirhy twists and deforms.
The sixfirhy is blasted with magical radiation!!!
You kill the sixfirhy!
Sif Muna accepts your kill.
Casting: Irradiate (mildly dangerous; 1% risk of failure)
Confirm with . or Enter, or press ? or * to list all spells.
You feel a surge of power!
You erupt in a fountain of uncontrolled magic!
The sixfirhy is blasted with magical radiation!!!
You kill the sixfirhy!
Sif Muna accepts your kill.
You are lightly contaminated with residual magic.
(D) Dungeon (T) Temple (L) Lair (A) Shoals (P) Snake Pit (M) Slime Pits (O) Orcish Mines (E) Elven Halls (V) Vaults (C) Crypt (W) Tomb (U) Depths (H) Hell (Z) Zot
Where to? (Enter - D:1 @ (x,y), ? - help) HP restored.
A daeva comes into view.
It is wielding a +3 long sword of holy wrath.
The daeva calls down the wrath of the Shining One upon you.
The Shining One smites you!
Casting: Irradiate (mildly dangerous; 1% risk of failure)
Confirm with . or Enter, or press ? or * to list all spells.
Aiming: Borgnjor's Vile Clutch (mildly dangerous; 1% risk of failure)
Press: ? - help, Shift-Dir - straight line, f - daeva
Aim: a daeva, wielding a +3 long sword of holy wrath and wearing a +0 tower shield (haloed, 100% to hit)
You feel a strong surge of power!
Zombie hands grab the daeva.
The zombie hands constrict the daeva!
The daeva struggles to escape constriction.
The zombie hands constrict the daeva!
The daeva calls down the wrath of the Shining One upon you.
The Shining One smites you!
The zombie hands lose their grip on something.
There is a stone staircase leading up here.
You fly upwards.
There is a stone staircase leading down, spattered with blood here.
(D) Dungeon (T) Temple (L) Lair (A) Shoals (P) Snake Pit (M) Slime Pits (O) Orcish Mines (E) Elven Halls (V) Vaults (C) Crypt (W) Tomb (U) Depths (H) Hell (Z) Zot
Where to? (Enter - D:1 @ (x,y), ? - help)
There is an open gate here.
There is an open door here.
There is an open door here.
There is a staircase leading out of the dungeon here.
You start resting.
Your magical contamination has completely faded away.
You start resting.
HP restored.
A hellion comes into view.
You have escaped!

....# #....#.~~≈≈≈~≈.#
#...... #####
#....#..~~~~~..# #......
#....##...~...## #......
############### #####.....#
##..# ##≈.~## ##..##.....#
#....# ##2## ##....#..#.##
#....####..§####....#.##.##
#....#.#...§§#8#)#..'.##.##
#....#.'..@§§§.'....'.##.#.
#....#.#..>.§#8#....'.##...
#....####..§####....#......
#....# ##'## ##..#.####...
##..# #§.≈# ##..## ##.##
### ####### #######....
#.§§≈...# #..........
#..§≈≈≈≈..##..........
#.≈≈≈≈§≈≈.##..........


You could see a hellion.

Vanquished Creatures
  the Royal Jelly (Slime:5)
  Dissolution (Slime:1)
  3 dread liches (Zot:5)
  3 ancient liches (Zot:5)
  A pandemonium lord (Zig:2)
  4 orbs of fire (Zot:5)
  The ghost of Neamosu the Conqueror, a veteran MiBe of Trog (Depths:4)
  A royal mummy (Crypt:3)
  A juggernaut (Depths:4)
  2 Killer Klowns (Zot:5)
  Vashnia (Snake:2)
  A curse toe (Zot:4)
  5 golden dragons
  Jory (Depths:4)
  A bone dragon (Depths:2)
  A Brimstone Fiend (Depths:4)
  2 electric golems (Zot:5)
  Rupert (D:14)
  A walking crystal tome (Depths:3)
  Zenata (Crypt:1)
  2 walking earthen tomes (Depths:3)
  2 deep elf blademasters (Elf:3)
  23 Orb Guardians
  A walking frostbound tome (Depths:3)
  13 tentacled monstrosities
  2 deep elf master archers (Elf:3)
  A titan (Depths:4)
  Polyphemus (Shoals:2)
  8 sphinxes
  An Executioner (Zot:5)
  4 quicksilver dragons
  13 acid blobs
  Gastronok (Lair:2)
  4 death cobs
  2 entropy weavers
  3 ancient champions
  3 tengu reavers (Vaults:1)
  8 storm dragons
  7 draconian monks
  Agnes (Snake:4)
  3 shadow dragons
  16 azure jellies
  4 nagarajas (Snake:4)
  3 fire giants
  3 revenants
  4 draconian knights
  7 deep elf sorcerers
  7 frost giants
  Aizul (Snake:3)
  A ghost moth (Vaults:1)
  14 vault wardens
  10 rockslimes
  5 curse skulls
  The ghost of Rinuz the Brawler, a journeyman TrEE of Wu Jian (Orc:1)
  2 draconian scorchers
  A draconian stormcaller (Zot:3)
  An angel (Depths:1)
  5 draconian shifters
  A caustic shrike zombie (Crypt:1)
  A draconian annihilator (Zot:4)
  A balrug (Depths:2)
  2 reapers
  3 deep elf elementalists
  Louise (Snake:2)
  3 orc warlords
  A caustic shrike skeleton (Crypt:2)
  4 ghouls
  4 demonspawn corrupters (WizLab)
  2 war gargoyles
  2 spriggan defenders (Depths:4)
  13 very ugly things
  12 stone giants
  12 ironbound preservers
  9 quicksilver oozes
  10 vampire knights
  5 green draconians
  7 deep elf demonologists
  5 ironbound thunderhulks
  4 deep elf annihilators (Elf:3)
  6 dire elephants
  10 white draconians
  10 purple draconians
  4 yellow draconians
  4 black draconians
  9 red draconians
  The ghost of Kevoe the Carver, a journeyman DgDe (D:13)
  8 merfolk impalers (Shoals:4)
  Snorg (D:12)
  2 crystal guardians
  3 fire dragons
  3 ettins
  10 deep elf death magi
  An acid blob zombie (Crypt:1)
  8 eidola
  8 jiangshi
  5 mummy priests (Crypt:3)
  7 merfolk javelineers
  10 yaktaur captains
  10 deep elf high priests
  16 great orbs of eyes
  6 ice dragons
  15 vault guards
  4 salamander tyrants
  7 hydras
  5 rakshasas
  2 hell beasts
  12 centaur warriors
  14 anacondas
  An elf skeleton (Crypt:2)
  Erica (D:10)
  An ogre mage (Zig:3)
  2 peacekeepers
  An Orb Guardian zombie (Crypt:3)
  4 catoblepae
  2 spriggan air magi
  4 alligator snapping turtles
  3 merfolk avatars
  6 ironbound frosthearts
  8 boulder beetles
  6 merfolk aquamancers
  7 two-headed ogres
  A death yak (shapeshifter) (Depths:4)
  3 death knights
  6 vampire magi
  7 satyrs
  8 deep troll earth magi
  3 deep troll shamans
  21 naga warriors
  10 tengu warriors
  6 death yaks
  A titan zombie (D:15)
  17 dancing weapons
  2 spriggans (Depths:3)
  Urug (D:12)
  8 shock serpents
  A sun demon (Depths:1)
  Sonja (Lair:2)
  4 soul eaters
  9 deep elf knights
  22 naga sharpshooters
  6 iron trolls
  3 spriggan berserkers
  A hell knight (WizLab)
  The ghost of Smoky173 the Fighter, a novice DsMo of Nemelex Xobeh (D:7)
  Amaemon (Lair:2)
  3 sixfirhies
  23 skeletal warriors
  8 sea snakes
  6 salamander mystics
  2 shadow wraiths
  An anaconda zombie (Crypt:2)
  A deep troll (shapeshifter) (Depths:4)
  A spriggan druid (WizLab)
  2 glowing orange brains
  12 deep elf archers
  8 naga ritualists
  An orb spider (Zig:1)
  A bunyip skeleton (Crypt:2)
  A spriggan simulacrum (Crypt:3)
  48 deep trolls
  7 orc knights
  A tengu zombie (D:15)
  10 lindwurms
  13 wizards
  A fenstrider witch simulacrum (Crypt:3)
  14 harpies
  10 phantasmal warriors
  A large abomination (D:12)
  5 flayed ghosts
  8 bog bodies
  7 necromancers
  A wolf spider zombie (Crypt:1)
  23 deep elf pyromancers
  10 ironbound convokers
  An oklob plant (Lair:5)
  31 fauns
  19 ugly things
  12 deep elf zephyrmancers
  15 cyclopes
  12 mana vipers
  A human zombie (Vaults:4)
  20 moths of wrath
  2 worldbinders (WizLab)
  16 manticores
  A frost giant skeleton (D:15)
  16 salamanders
  18 elephants
  2 frost giant zombies
  4 shining eyes
  A stone giant skeleton (Crypt:2)
  2 elf zombies (Vaults:4)
  An iron dragon skeleton (Depths:3)
  13 vault sentinels
  A centaur zombie (D:13)
  15 naga magi
  45 black mambas
  6 ice statues
  5 water nymphs
  A guardian serpent (Snake:3)
  An alligator snapping turtle zombie (Crypt:2)
  The ghost of jehirs the Geomancer, a novice GrEE (D:4)
  2 dire elephant zombies (Crypt:3)
  A rust devil (Depths:1)
  2 smoke demons (Depths:1)
  3 eyes of devastation
  13 cane toads
  8 merfolk sirens
  An orange demon (Lair:2)
  7 gargoyles
  37 yaktaurs
  A yellow draconian zombie (Crypt:1)
  15 rime drakes
  A pale draconian zombie (Crypt:1)
  2 unseen horrors
  6 freezing wraiths
  8 komodo dragons
  An ice devil (D:4)
  A yaktaur skeleton (Vaults:4)
  A green draconian zombie (Crypt:2)
  36 guardian mummies (Crypt:3)
  7 tengu conjurers
  A hydra zombie (Crypt:3)
  A sea snake skeleton (Crypt:2)
  6 trolls
  An iron troll skeleton (Crypt:3)
  An unseen horror skeleton (Crypt:3)
  A tengu simulacrum (Vaults:4)
  3 hornets
  2 polar bears (Lair:5)
  4 wind drakes
  41 merfolk
  A raiju (shapeshifter) (Elf:2)
  A harpy skeleton (Crypt:3)
  A tarantella (Zig:1)
  Prince Ribbit (D:8)
  9 snapping turtles
  32 blink frogs
  An ettin zombie (Crypt:2)
  A radroach zombie (Crypt:1)
  84 slime creatures
  A sphinx simulacrum (Depths:3)
  5 dream sheep (Shoals:3)
  A dream sheep (shapeshifter) (WizLab)
  A centaur simulacrum (D:13)
  An ettin skeleton (Crypt:2)
  3 shadows
  4 vampires
  5 air elementals
  8 wraiths
  A tyrant leech zombie (Crypt:2)
  7 wyverns
  A fire elemental (Elf:1)
  A ynoxinul (Depths:1)
  4 basilisks
  17 water elementals
  3 ushabtiu (Crypt:3)
  35 yaks
  The ghost of SuDDenLife the Firebug, an amateur DrFE (D:3)
  6 steam dragons
  9 golden eyes
  5 neqoxecs
  4 vampire mosquitoes
  4 wargs
  42 nagas
  An acid dragon (D:11)
  3 swamp worms (Lair:5)
  17 water moccasins
  A merfolk skeleton (Crypt:3)
  29 orc warriors
  3 black bears
  An elf simulacrum (Vaults:4)
  10 ogres
  2 ice beasts
  12 centaurs
  10 wolves
  2 phantoms
  3 kobold brigands
  A rime drake skeleton (Crypt:1)
  A komodo dragon zombie (Crypt:2)
  A gnoll sergeant (D:9)
  13 bullfrogs
  2 scorpions
  A glowing shapeshifter simulacrum (Vaults:4)
  An earth elemental (Elf:2)
  A wight (D:9)
  A killer bee (D:9)
  3 lindwurm simulacra (IceCv)
  A human simulacrum (Vaults:4)
  5 howler monkeys
  10 electric eels
  3 quasits (Orc:1)
  A crimson imp (D:7)
  2 jellies
  6 komodo dragon simulacra (IceCv)
  4 hounds
  2 gnoll boudas
  32 orc priests
  6 iguanas
  36 orc wizards
  A boggart skeleton (Crypt:3)
  5 hell rats (Lair:1)
  A killer bee zombie (D:7)
  6 mummies (Crypt:3)
  A howler monkey zombie (D:7)
  14 gnolls
  7 acid dragon simulacra (IceCv)
  9 adders
  2 shadow imps (D:8)
  2 white imps
  3 ufetubi
  5 steam dragon simulacra (IceCv)
  A lava snake zombie (Crypt:1)
  An iguana skeleton (Crypt:3)
  2 worms
  3 dart slugs
  131 orcs
  6 endoplasms
  3 giant cockroaches
  5 goblins
  8 hobgoblins
  3 jackals (D:1)
  4 quokkas
  A river rat zombie (Crypt:2)
  6 ball pythons
  4 bats
  2 frilled lizards (D:1)
  A frilled lizard zombie (Crypt:2)
  10 kobolds
  6 rats (D:1)
2198 creatures vanquished.

Vanquished Creatures (collateral kills)
  An Orb Guardian (Zot:5)
  A yellow draconian (Zot:5)
  46 ball lightnings
  5 foxfires
53 creatures vanquished.

Vanquished Creatures (others)
  A wizard (WizLab)
  1728 ball lightnings
  3 bushes (Lair:5)
  595 foxfires
  48 fungi
  418 plants
  9 withered plants (D:15)
2802 creatures vanquished.

Grand Total: 5053 creatures vanquished

Notes
Turn   | Place    | Note
-------+----------+-------------------------------------------
     0 | D:1      | EnegeticOcto the Mummy Wanderer began the quest for the
                  | Orb.
     0 | D:1      | EnegeticOcto set off with the following items: a +1 spear,
                  | a scroll of teleportation {@r3 !r}, a +0 leather armour;
                  | and the following spell memorised: Foxfire; and the
                  | following spells available to memorise: Inner Flame, Sticky
                  | Flame.
     0 | D:1      | Reached XP level 1. HP: 21/21 MP: 2/2
   157 | D:1      | Reached skill level 1 in Conjurations
   220 | D:1      | Reached XP level 2. HP: 26/27 MP: 2/4
   643 | D:1      | Reached skill level 2 in Conjurations
   840 | D:1      | Gained mutation: You are in touch with the powers of death.
                  | [Mummy growth]
   840 | D:1      | Reached XP level 3. HP: 33/33 MP: 3/5
   846 | D:1      | Learned a level 2 spell: Poisonous Vapours
  1079 | D:2      | Reached skill level 2 in Spellcasting
  1240 | D:2      | Reached skill level 1 in Stealth
  1266 | D:2      | Found a faded altar of an unknown god.
  1392 | D:2      | Found a shadowy altar of Dithmenos.
  2019 | D:2      | Reached XP level 4. HP: 39/39 MP: 2/7
  2141 | D:2      | Learned a level 3 spell: Inner Flame
  2259 | D:3      | Reached skill level 3 in Spellcasting
  2287 | D:2      | Reached skill level 2 in Stealth
  2575 | D:3      | Reached XP level 5. HP: 43/44 MP: 3/9
  2766 | D:3      | Reached skill level 1 in Air Magic
  2766 | D:3      | Reached skill level 1 in Poison Magic
  3415 | D:3      | Reached skill level 2 in Air Magic
  3415 | D:3      | Reached skill level 2 in Poison Magic
  3553 | D:3      | Learned a level 4 spell: Olgreb's Toxic Radiance
  3820 | D:3      | Reached XP level 6. HP: 51/51 MP: 3/10
  4126 | D:3      | Found a transporter.
  4127 | D:3      | Noticed SuDDenLife's ghost (amateur DrFE)
  4128 | D:3      | Found a transporter.
  4179 | D:3      | Reached skill level 3 in Fire Magic
  4435 | D:3      | Found a sparkling altar of Nemelex Xobeh.
  4489 | D:4      | Reached skill level 4 in Spellcasting
  4737 | D:4      | Reached XP level 7. HP: 13/56 MP: 1/13
  5287 | D:4      | Reached skill level 3 in Air Magic
  5362 | D:4      | Found a transporter.
  5434 | D:4      | Found a runed translucent gate.
  5435 | D:4      | Found a runed translucent gate.
  5435 | D:4      | Found a runed translucent gate.
  5436 | D:4      | Found an opulent altar of Gozag.
  5438 | D:4      | Noticed jehirs's ghost (novice GrEE)
  5496 | D:4      | Found a transporter.
  5840 | D:4      | Reached skill level 4 in Fire Magic
  6021 | D:4      | Reached skill level 4 in Air Magic
  6127 | D:5      | Entered Level 5 of the Dungeon
  6420 | D:5      | Learned a level 4 spell: Sticky Flame
  6808 | D:5      | Reached skill level 1 in Hexes
  6808 | D:5      | Reached XP level 8. HP: 57/62 MP: 9/14
  7136 | D:5      | Reached skill level 2 in Hexes
  7368 | D:5      | Reached skill level 3 in Poison Magic
  8175 | D:6      | Found Saewustre's Assorted Antiques.
  8271 | D:6      | Reached skill level 4 in Poison Magic
  8592 | D:6      | Bought a scroll labelled LACAOS YPPORU for 25 gold pieces
  8592 | D:6      | Bought a scroll labelled FEANECSAIL for 25 gold pieces
  8592 | D:6      | Bought a scroll labelled LAPIH ONKOQICEINT for 25 gold
                  | pieces
  8592 | D:6      | Bought 2 scrolls labelled LAPIH ONKOQICEINT for 50 gold
                  | pieces
  8592 | D:6      | Bought a worn bone wand for 100 gold pieces
  8592 | D:6      | Bought a scroll of teleportation for 75 gold pieces
  8735 | D:6      | Found a staircase to the Ecumenical Temple.
  8745 | Temple   | Entered the Ecumenical Temple
  8936 | D:6      | Reached skill level 5 in Poison Magic
  9307 | D:7      | Found a runed translucent gate.
  9307 | D:7      | Found a runed translucent gate.
  9307 | D:7      | Found a runed translucent gate.
  9307 | D:7      | Noticed Smoky173's ghost (novice DsMo)
  9309 | D:7      | Found a basalt altar of Yredelemnul.
  9386 | D:7      | Found a stormy altar of Qazlal.
  9441 | D:7      | Found an opulent altar of Gozag.
  9974 | D:7      | Found a shimmering blue altar of Sif Muna.
  9977 | D:7      | Reached skill level 6 in Poison Magic
  9980 | D:7      | Became a worshipper of Sif Muna the Loreminder
 10167 | D:7      | Found a burning altar of Makhleb.
 10168 | D:7      | Found a shimmering altar of Xom.
 10173 | D:7      | Reached XP level 9. HP: 68/68 MP: 13/15
 10304 | D:7      | Found a shadowy altar of Dithmenos.
 10505 | D:7      | Found a hide-covered altar of Uskayaw.
 11120 | D:8      | Found a staircase to the Lair.
 11584 | D:8      | Identified the +0 leather armour "Ydit" {rN+ Regen+ Int+4}
 11928 | D:8      | Noticed Prince Ribbit
 11939 | D:8      | Killed Prince Ribbit
 11940 | D:8      | Reached skill level 7 in Poison Magic
 12147 | D:8      | Noticed a two-headed ogre
 12152 | D:8      | Killed a two-headed ogre
 12153 | D:8      | Reached skill level 5 in Spellcasting
 12153 | D:8      | Reached skill level 3 in Conjurations
 12245 | D:8      | Reached skill level 6 in Spellcasting
 12403 | D:8      | Reached skill level 4 in Conjurations
 12836 | D:9      | Reached skill level 8 in Poison Magic
 12926 | D:9      | Noticed a purple ugly thing
 12934 | D:9      | Killed a purple ugly thing
 12934 | D:9      | Reached * piety under Sif Muna
 12935 | D:9      | Reached skill level 1 in Dodging
 12935 | D:9      | Reached XP level 10. HP: 74/74 MP: 4/19
 12967 | D:9      | Noticed a manticore
 13522 | D:9      | Noticed a skeletal warrior
 13534 | D:9      | Killed a skeletal warrior
 13535 | D:9      | Reached skill level 2 in Dodging
 13880 | D:9      | Noticed a tengu warrior
 13887 | D:9      | Killed a tengu warrior
 13888 | D:9      | Reached skill level 6 in Fighting
 13888 | D:9      | Reached skill level 1 in Shields
 13892 | D:9      | Reached skill level 5 in Conjurations
 13964 | D:9      | Noticed a two-headed ogre
 13972 | D:9      | Killed a two-headed ogre
 13973 | D:9      | Reached skill level 3 in Dodging
 14400 | D:9      | Reached skill level 2 in Shields
 14555 | D:9      | Noticed an eight-headed hydra
 14904 | D:9      | Learned a level 3 spell: Stone Arrow
 14958 | D:9      | Killed a manticore
 15087 | D:9      | Reached skill level 1 in Earth Magic
 15344 | D:9      | Noticed a centaur warrior
 15350 | D:9      | Killed a centaur warrior
 15351 | D:9      | Reached skill level 7 in Fighting
 15351 | D:9      | Reached XP level 11. HP: 54/84 MP: 8/20
 15410 | D:9      | Killed an eight-headed hydra
 15411 | D:9      | Reached skill level 4 in Dodging
 15411 | D:9      | Reached skill level 3 in Shields
 15411 | D:9      | Reached skill level 1 in Invocations
 15605 | D:9      | Found a hazy altar of Hepliaklqana.
 15615 | D:9      | Found a blossoming altar of Fedhas.
 15743 | D:10     | Entered Level 10 of the Dungeon
 15784 | D:10     | Found Tepolai's Antique Weapon Shop.
 15792 | D:10     | Bought a masterwork spear for 216 gold pieces
 15792 | D:10     | Identified the +4 spear of Cataclysm {speed, Fly Will+++
                  | Int-3} (You bought it in a shop on level 10 of the Dungeon)
 16069 | D:10     | Reached ** piety under Sif Muna
 16182 | D:10     | Noticed a two-headed ogre
 16192 | D:10     | Killed a two-headed ogre
 16193 | D:10     | Reached skill level 6 in Conjurations
 16193 | D:10     | Reached skill level 2 in Earth Magic
 16343 | D:10     | Noticed Erica
 16348 | D:10     | Killed Erica
 16349 | D:10     | Reached skill level 2 in Invocations
 17026 | D:10     | Found a runed translucent door.
 17345 | D:10     | Reached skill level 3 in Earth Magic
 17380 | D:10     | Reached skill level 4 in Shields
 17440 | D:10     | Reached skill level 3 in Invocations
 17476 | D:10     | Reached skill level 8 in Fighting
 18109 | Lair:1   | Entered Level 1 of the Lair of Beasts
 18525 | D:11     | Noticed a two-headed ogre
 18984 | D:11     | Noticed a two-headed ogre
 18990 | D:11     | Killed a two-headed ogre
 18991 | D:11     | Reached skill level 4 in Earth Magic
 18991 | D:11     | Reached skill level 4 in Invocations
 18991 | D:11     | Reached skill level 1 in Evocations
 19001 | D:11     | Reached skill level 2 in Evocations
 19050 | D:11     | Reached skill level 3 in Evocations
 19146 | D:11     | Killed a two-headed ogre
 19147 | D:11     | Reached skill level 4 in Evocations
 19147 | D:11     | Reached XP level 12. HP: 92/92 MP: 5/21
 19180 | D:11     | Found a staircase to the Orcish Mines.
 19187 | D:11     | Reached *** piety under Sif Muna
 19726 | D:11     | Learned a level 3 spell: Swiftness
 19730 | D:11     | Learned a level 3 spell: Vampiric Draining
 19938 | Lair:1   | Reached skill level 1 in Necromancy
 20082 | D:8      | Reached skill level 2 in Necromancy
 20082 | D:8      | Reached skill level 5 in Invocations
 20254 | Lair:1   | Reached skill level 7 in Spellcasting
 21027 | Lair:1   | Reached skill level 3 in Necromancy
 21428 | Lair:1   | Reached **** piety under Sif Muna
 21816 | Lair:2   | Reached skill level 8 in Spellcasting
 21816 | Lair:2   | Reached skill level 4 in Necromancy
 21816 | Lair:2   | Reached skill level 6 in Invocations
 22068 | Lair:2   | Reached skill level 3 in Stealth
 22126 | Lair:2   | Learned a level 5 spell: Borgnjor's Vile Clutch
 22200 | Lair:2   | Found a staircase to the Snake Pit.
 22218 | Lair:2   | Noticed Sonja
 22222 | Lair:2   | Killed Sonja
 22300 | Lair:2   | Noticed Amaemon
 22307 | Lair:2   | Killed Amaemon
 22308 | Lair:2   | Reached skill level 9 in Spellcasting
 22322 | Lair:2   | Reached skill level 4 in Stealth
 22451 | Lair:2   | Reached skill level 5 in Necromancy
 22598 | Lair:2   | Noticed Gastronok
 22609 | Lair:2   | Killed Gastronok
 22610 | Lair:2   | Gained mutation: You are strongly in touch with the powers
                  | of death. [Mummy growth]
 22610 | Lair:2   | Reached XP level 13. HP: 98/98 MP: 13/26
 22862 | Lair:2   | Found a staircase to the Shoals.
 22872 | Lair:2   | Reached skill level 10 in Spellcasting
 23016 | Lair:2   | Reached skill level 6 in Necromancy
 23646 | Lair:3   | Reached skill level 7 in Necromancy
 23775 | Lair:3   | Noticed Nessos
 23776 | Lair:3   | Nessos changed into Nessos the lindwurm
 23776 | Lair:3   | Noticed Nessos
 23783 | Lair:3   | Killed Nessos the lindwurm
 24275 | Lair:3   | Reached skill level 8 in Necromancy
 24770 | Lair:4   | Reached skill level 9 in Necromancy
 25137 | Lair:4   | Reached skill level 5 in Earth Magic
 25404 | Lair:4   | Reached skill level 6 in Earth Magic
 25840 | Lair:4   | Noticed a fire dragon
 26098 | Lair:4   | Reached skill level 9 in Fighting
 26098 | Lair:4   | Killed a fire dragon
 26387 | Lair:5   | Entered Level 5 of the Lair of Beasts
 26394 | Lair:5   | Reached ***** piety under Sif Muna
 27040 | Lair:5   | Reached skill level 10 in Fighting
 27094 | Lair:5   | Found an ornate altar of the Wu Jian Council.
 27480 | Lair:5   | Reached XP level 14. HP: 58/110 MP: 10/28
 27546 | Lair:5   | Reached skill level 7 in Conjurations
 27683 | Lair:5   | Received a gift from Sif Muna
 27684 | Lair:5   | Got Douwaugu's Folio of Execration {god gift}
 27888 | Lair:5   | Learned a level 5 spell: Irradiate
 28137 | Lair:5   | Reached skill level 1 in Transmutations
 28329 | Lair:5   | Found a viscous altar of Jiyva.
 28331 | Lair:5   | Found a staircase to the Slime Pits.
 28598 | Lair:5   | Reached skill level 2 in Transmutations
 29083 | Lair:5   | Reached skill level 8 in Conjurations
 29154 | Lair:5   | Reached skill level 3 in Transmutations
 29649 | Lair:5   | Reached skill level 4 in Transmutations
 29787 | Lair:5   | Identified the +2 pair of gloves "Eruikhli" {Str+4}
 30254 | D:12     | Found a frozen archway.
 30397 | IceCv    | Entered an ice cave
 31689 | IceCv    | Found the brooch of Shielding {Spirit SH+8}
 31930 | D:12     | Reached skill level 9 in Conjurations
 31930 | D:12     | Reached skill level 5 in Transmutations
 32432 | D:12     | Received a gift from Sif Muna
 32535 | D:12     | Got Sif Muna's Omnibus of Enthralling Combustion {god gift}
 32543 | D:12     | Learned a level 4 spell: Flame Wave
 32731 | D:12     | Noticed Snorg
 32734 | D:12     | Reached skill level 7 in Invocations
 32734 | D:12     | Noticed Urug
 32744 | D:12     | Killed Urug
 32744 | D:12     | Killed Snorg
 33454 | D:13     | Found a transporter.
 33479 | D:13     | Found a transporter.
 33485 | D:13     | Noticed Kevoe's ghost (journeyman DgDe)
 33563 | D:13     | Reached XP level 15. HP: 100/115 MP: 19/29
 33825 | D:13     | Reached skill level 6 in Transmutations
 33927 | D:13     | Found a gate to the Vaults.
 34554 | Orc:1    | Entered Level 1 of the Orcish Mines
 34567 | Orc:1    | Reached skill level 8 in Invocations
 34576 | Orc:1    | Received a gift from Sif Muna
 34578 | Orc:1    | Got Uqugh's Dissertation on Cunning Confrontation {god
                  | gift}
 34849 | Orc:1    | Found a transporter.
 34860 | Orc:1    | Found a transporter.
 35009 | Orc:1    | Noticed Rinuz's ghost (journeyman TrEE)
 35050 | Orc:1    | Found Hivuaq's Magic Scroll Boutique.
 35059 | Orc:1    | Bought a scroll of fear for 52 gold pieces
 35454 | Orc:1    | Reached skill level 10 in Conjurations
 35457 | Orc:1    | Killed Rinuz's ghost
 35519 | Orc:1    | Got the ring "Ywarch" {rElec rN+ rCorr Dex+6 SInv}
 35520 | Orc:1    | Identified the ring "Unusinuz" {rF++ rC+ rN+}
 35635 | Orc:2    | Entered Level 2 of the Orcish Mines
 35731 | Orc:2    | Found Hutam Colau's Antique Armour Boutique.
 35850 | Orc:2    | Bought a transparent helmet for 275 gold pieces
 35850 | Orc:2    | Identified the +0 helmet of Distant Worlds {rC+ Will+} (You
                  | bought it in a shop on level 2 of the Orcish Mines)
 35853 | Orc:2    | Bought a faintly humming leather armour for 203 gold pieces
 35853 | Orc:2    | Identified the +0 leather armour of Levity {rN+ Regen+
                  | Dex+2} (You bought it in a shop on level 2 of the Orcish
                  | Mines)
 36264 | Orc:2    | Received a gift from Sif Muna
 36279 | Orc:2    | Reached skill level 7 in Transmutations
 36315 | Orc:2    | Got Sif Muna's Parchment of Intoxication and the Whammy
                  | {god gift}
 36430 | Orc:2    | Found Ysuecen's Antique Armour Shop.
 36432 | Orc:2    | Found Xiawk's Antique Weapon Boutique.
 36551 | Orc:2    | Found a staircase to the Elven Halls.
 36798 | Orc:2    | Found Uwneteg's Assorted Antiques.
 36892 | Orc:2    | Bought a transparent kite shield for 275 gold pieces
 36892 | Orc:2    | Identified the +0 kite shield of the Postmodern Wonders
                  | {Contam Rampage *Slow Str+9} (You bought it in a shop on
                  | level 2 of the Orcish Mines)
 36892 | Orc:2    | Bought a scroll labelled XADDIE FUCE for 29 gold pieces
 37511 | D:14     | Noticed Rupert
 37519 | D:14     | Killed Rupert
 37520 | D:14     | Reached skill level 9 in Invocations
 39049 | D:15     | Entered Level 15 of the Dungeon
 39049 | D:15     | Found Ofoor's Distillery.
 39529 | D:15     | Reached skill level 11 in Spellcasting
 39529 | D:15     | Reached skill level 8 in Transmutations
 39677 | D:14     | Learned a level 5 spell: Fireball
 39946 | D:15     | Found a staircase to the Depths.
 40376 | D:15     | Found a hazy altar of Hepliaklqana.
 40443 | D:15     | Reached skill level 12 in Spellcasting
 41041 | D:15     | Found an ornate altar of the Wu Jian Council.
 41517 | Shoals:1 | Entered Level 1 of the Shoals
 42043 | Shoals:1 | Reached XP level 16. HP: 77/122 MP: 20/32
 42050 | Shoals:1 | Reached skill level 1 in Armour
 42050 | Shoals:1 | Reached skill level 13 in Spellcasting
 42993 | Shoals:1 | Reached skill level 2 in Armour
 43269 | Shoals:1 | Reached skill level 3 in Armour
 43571 | Shoals:1 | Identified the +0 robe "Tureurch" {Harm rF- Stlth+}
 44028 | Shoals:2 | Noticed Polyphemus
 44045 | Shoals:2 | Killed Polyphemus
 44124 | Shoals:2 | Reached skill level 11 in Fighting
 44143 | Shoals:2 | Reached skill level 14 in Spellcasting
 44354 | Shoals:2 | Reached skill level 4 in Armour
 45560 | Shoals:3 | Reached skill level 12 in Fighting
 47186 | Shoals:4 | Entered Level 4 of the Shoals
 47196 | Shoals:4 | Reached skill level 10 in Invocations
 47517 | Shoals:4 | Received a gift from Sif Muna
 47518 | Shoals:4 | Got Sif Muna's Commentary on Lithic Death {god gift}
 47766 | Shoals:4 | Identified the +4 trident of the Empty Page {vorpal, rF+
                  | Stlth+}
 48096 | Shoals:4 | Reached XP level 17. HP: 135/135 MP: 15/35
 48319 | Shoals:4 | Reached skill level 13 in Fighting
 48956 | Shoals:4 | Reached skill level 11 in Invocations
 50028 | Shoals:4 | Got a barnacled rune of Zot
 50043 | Shoals:4 | Got the Precepts of the Burning Throng
 50060 | Shoals:4 | Received a gift from Sif Muna
 50063 | Shoals:4 | Got Rythresao's Exposition on Adjuration and the Crypt {god
                  | gift}
 50222 | Shoals:4 | Reached skill level 12 in Invocations
 50704 | Shoals:4 | Learned a level 6 spell: Conjure Ball Lightning
 50859 | Snake:1  | Entered Level 1 of the Snake Pit
 51119 | Snake:1  | Reached skill level 5 in Air Magic
 51312 | Snake:1  | Identified the +9 quarterstaff of Idagimi {drain, *Rage rF+
                  | rC++}
 52136 | Snake:1  | Reached skill level 6 in Air Magic
 53287 | Snake:2  | Reached skill level 11 in Conjurations
 53415 | Snake:2  | Reached skill level 7 in Air Magic
 53784 | Snake:2  | Noticed Vashnia
 53792 | Snake:2  | Killed Vashnia
 53792 | Snake:2  | Noticed Louise
 54021 | Snake:2  | Killed Louise
 54037 | Snake:2  | Reached skill level 8 in Air Magic
 55128 | Snake:3  | Noticed Aizul
 55135 | Snake:3  | Killed Aizul
 55136 | Snake:3  | Reached XP level 18. HP: 127/143 MP: 0/36
 55289 | Snake:3  | Reached skill level 9 in Air Magic
 55426 | Snake:3  | Found a transporter.
 56143 | Snake:3  | Received a gift from Sif Muna
 56146 | Snake:3  | Got Sif Muna's Compilation of Conflict {god gift}
 56214 | Snake:3  | Learned a level 5 spell: Arcjolt
 56445 | Snake:3  | Noticed fedoskokos's ghost (journeyman DsSu)
 56449 | Snake:3  | Found a transporter.
 56453 | Snake:3  | Found a bloodstained altar of Trog.
 56712 | Snake:3  | Reached skill level 10 in Air Magic
 57431 | Snake:4  | Entered Level 4 of the Snake Pit
 57847 | Snake:4  | Identified the +1 robe "Mosseseth" {rCorr}
 58111 | Snake:4  | Reached skill level 11 in Air Magic
 58629 | Snake:4  | Reached skill level 12 in Air Magic
 59068 | Snake:4  | Got a serpentine rune of Zot
 59468 | Snake:4  | Noticed Agnes
 59472 | Snake:4  | Killed Agnes
 60562 | Elf:1    | Entered Level 1 of the Elven Halls
 61606 | Elf:1    | Received a gift from Sif Muna
 61609 | Elf:1    | Got Sif Muna's Cyclopedia of Sculpting and Gusts {god gift}
 61779 | Elf:1    | Paralysed by an air elemental for 1 turns
 62312 | Elf:1    | You are sucked into a shaft and drop 1 floor!
 62321 | Elf:1    | Reached XP level 19. HP: 127/149 MP: 20/37
 62725 | Elf:2    | Paralysed by an air elemental for 1 turns
 62898 | Elf:2    | Paralysed by an air elemental for 1 turns
 63021 | Elf:2    | Upgraded the game from 0.30-a0-136-gea98e250e0 to
                  | 0.30-a0-137-gd8773701ce
 63253 | Elf:2    | Paralysed by an air elemental for 1 turns
 63593 | Elf:2    | Reached skill level 15 in Spellcasting
 63700 | Elf:2    | Reached skill level 5 in Shields
 63848 | Elf:2    | Found a runed translucent gate.
 63848 | Elf:2    | Found a runed translucent gate.
 63849 | Elf:2    | Found a runed translucent gate.
 64355 | Elf:3    | Entered Level 3 of the Elven Halls
 64445 | Elf:3    | Paralysed by an air elemental for 1 turns
 64449 | Elf:3    | Paralysed by an air elemental for 1 turns
 64453 | Elf:2    | Paralysed by an air elemental for 1 turns
 65196 | Elf:2    | Reached skill level 13 in Invocations
 65306 | Elf:2    | Received a gift from Sif Muna
 65307 | Elf:2    | Reached skill level 12 in Conjurations
 65309 | Elf:2    | Got Sif Muna's Compendium of the Atmosphere and Forms {god
                  | gift}
 66262 | Elf:3    | Reached skill level 6 in Shields
 66267 | Elf:3    | Noticed a Brimstone Fiend
 66944 | Elf:3    | Identified the amulet "Vuniestu" {RegenMP *Slow rC+ rCorr
                  | Int+10}
 67352 | Elf:3    | Identified the ring "Nylasum" {*Slow Fly Str+4 Dex+6
                  | Slay-5}
 67450 | Elf:3    | Found Tiliaryl's Armour Boutique.
 67723 | Elf:3    | Identified the ring "Nucriqecs" {rCorr Str+7 Int+4}
 67733 | Elf:3    | Identified the +3 great sword "Yheecov" {freeze, rF+}
 67733 | Elf:3    | Identified the ring of Aqeesteehi {*Corrode rC+ rN++ Will+
                  | Int+6}
 68078 | Elf:3    | Identified the +12 hand axe of the Delightful God {pain,
                  | rC+}
 68216 | Elf:3    | Identified the +3 mace of Tuaroufi {elec, rF- rC++ MP+9
                  | Str+3}
 68219 | Elf:3    | Identified the +2 robe of the Barnacle {Str+5}
 68697 | Vaults:1 | Entered Level 1 of the Vaults
 68784 | D:13     | Reached skill level 16 in Spellcasting
 68790 | D:13     | Killed Kevoe's ghost
 69114 | D:3      | Killed SuDDenLife's ghost
 69326 | D:4      | Killed jehirs's ghost
 69528 | D:7      | Killed Smoky173's ghost
 70511 | Vaults:1 | Reached skill level 7 in Shields
 71462 | Vaults:1 | Reached XP level 20. HP: 155/156 MP: 2/40
 72003 | Vaults:1 | Reached skill level 14 in Invocations
 72133 | Vaults:1 | Identified the +9 falchion of Lakhamp {vorpal, +Blink
                  | rElec}
 72367 | Vaults:1 | Reached skill level 13 in Conjurations
 72670 | Vaults:1 | Reached skill level 8 in Shields
 72973 | Vaults:1 | Received a gift from Sif Muna
 73138 | Vaults:1 | Got Sif Muna's Textbook on Sweltering Battle Magic {god
                  | gift}
 73227 | Vaults:1 | Identified the +8 broad axe of the Valley of Death {vorpal,
                  | *Rage Str+4}
 73751 | Vaults:1 | Learned a level 2 spell: Blink
 74093 | Vaults:2 | Reached skill level 1 in Translocations
 74225 | Vaults:2 | Reached skill level 2 in Translocations
 75128 | Vaults:2 | Reached skill level 5 in Dodging
 75579 | Vaults:2 | Found a staircase to the Crypt.
 75928 | Vaults:3 | Reached skill level 3 in Translocations
 76299 | Vaults:3 | You fall into a shaft and drop 1 floor!
 76512 | Vaults:3 | Reached skill level 15 in Invocations
 76844 | Vaults:3 | Reached skill level 4 in Translocations
 77042 | Vaults:3 | Reached skill level 6 in Dodging
 77042 | Vaults:3 | Reached skill level 14 in Conjurations
 77053 | Vaults:3 | Reached XP level 21. HP: 92/162 MP: 20/41
 77464 | Vaults:3 | Received a gift from Sif Muna
 77465 | Vaults:3 | Reached skill level 7 in Dodging
 77467 | Vaults:3 | Got Sif Muna's Anthology of Harmful Vitiation {god gift}
 78748 | Vaults:4 | Reached skill level 8 in Dodging
 80146 | Vaults:4 | Reached skill level 7 in Earth Magic
 80741 | Vaults:4 | Reached skill level 17 in Spellcasting
 81010 | Vaults:4 | Received a gift from Sif Muna
 81011 | Vaults:4 | Got Sif Muna's Casting, Part Six {god gift}
 81438 | Vaults:4 | Learned a level 6 spell: Iron Shot
 82054 | Crypt:1  | Entered Level 1 of the Crypt
 82192 | Vaults:2 | Reached skill level 8 in Earth Magic
 82823 | Crypt:1  | Noticed Zenata
 82833 | Crypt:1  | Killed Zenata
 83338 | Crypt:1  | Reached skill level 5 in Evocations
 85039 | Crypt:2  | Reached skill level 18 in Spellcasting
 85296 | Crypt:2  | Reached XP level 22. HP: 159/169 MP: 23/44
 85453 | Crypt:2  | Received a gift from Sif Muna
 85454 | Crypt:2  | Reached skill level 9 in Earth Magic
 85454 | Crypt:2  | Got Sif Muna's Guidebook on Blazing Metamorphosis {god
                  | gift}
 85807 | Crypt:2  | Found a runed translucent door.
 85807 | Crypt:2  | Noticed Arizal's ghost (veteran MiBe)
 86113 | Crypt:3  | Entered Level 3 of the Crypt
 86113 | Crypt:3  | Found a staircase to the Tomb.
 86188 | Crypt:3  | Reached skill level 6 in Evocations
 87228 | Crypt:3  | Found a runed translucent door.
 88684 | Crypt:3  | Received a gift from Sif Muna
 88687 | Crypt:3  | Got Sif Muna's Secrets of Called Interference {god gift}
 88902 | Crypt:3  | Reached skill level 7 in Evocations
 89191 | Crypt:3  | Noticed a royal mummy
 89199 | Crypt:3  | Killed a royal mummy
 89200 | Crypt:3  | Reached skill level 19 in Spellcasting
 89202 | Crypt:3  | Reached skill level 10 in Earth Magic
 90472 | Crypt:3  | Noticed Bauwoixt's ghost (veteran GrFi)
 90912 | Depths:1 | Entered Level 1 of the Depths
 90915 | Depths:1 | Reached skill level 8 in Evocations
 91356 | Depths:1 | Learned a level 5 spell: Yara's Violent Unravelling
 91724 | Depths:1 | Noticed Bai Suzhen
 91730 | Depths:1 | Bai Suzhen changed into Bai Suzhen the rockslime
 91730 | Depths:1 | Noticed Bai Suzhen
 91733 | Depths:1 | Killed Bai Suzhen the rockslime
 92110 | Depths:1 | Found a bloodstained altar of Trog.
 92545 | Depths:1 | Reached skill level 3 in Hexes
 92670 | Depths:1 | Found a one-way gate leading to the halls of Pandemonium.
 92843 | Depths:1 | Found a gateway to Hell.
 92845 | Depths:1 | Found a one-way gateway to a ziggurat.
 92942 | Depths:2 | Reached skill level 9 in Shields
 92944 | Depths:2 | Received a gift from Sif Muna
 92946 | Depths:2 | Got Sif Muna's Almanac of the Vitriolic Legion {god gift}
 93121 | Depths:2 | Found a magical portal.
 93124 | WizLab   | Entered Alistair's Party Mansion
 93611 | WizLab   | Reached skill level 4 in Hexes
 93711 | WizLab   | Reached skill level 9 in Evocations
 94039 | WizLab   | Reached skill level 5 in Hexes
 94247 | WizLab   | Identified a scroll of acquirement
 94252 | WizLab   | Acquired the +3 buckler of Weightlessness {Fly Will+
                  | Slay+3}
 95033 | Depths:2 | Reached XP level 23. HP: 119/175 MP: 14/46
 95215 | Depths:2 | Found Saatory's Distillery.
 95633 | Depths:2 | Reached skill level 10 in Shields
 95641 | Depths:2 | Reached skill level 6 in Hexes
 97266 | Depths:3 | Received a gift from Sif Muna
 97515 | Depths:3 | Got Sif Muna's Textbook on Shifting and Arcane Weapons {god
                  | gift}
 97690 | Depths:3 | Found a runed translucent door.
 97719 | Depths:3 | Reached skill level 9 in Dodging
 97950 | Depths:3 | Found a one-way gate to the infinite horrors of the Abyss.
 98297 | Depths:3 | Reached skill level 14 in Fighting
 98454 | Depths:3 | Identified the ring of Busch {rN+ rCorr AC+4 Int-3}
 98459 | Depths:3 | Identified the +7 great mace "Ikashri" {freeze, Str+3}
 98481 | Depths:4 | Entered Level 4 of the Depths
 98675 | Depths:4 | Noticed Jory
 98679 | Depths:4 | Killed Jory
100291 | Depths:4 | Found a runed translucent gate.
100291 | Depths:4 | Found a runed translucent gate.
100291 | Depths:4 | Found a runed translucent gate.
100291 | Depths:4 | Noticed Neamosu's ghost (veteran MiBe)
100292 | Depths:4 | Found a viscous altar of Jiyva.
100487 | Depths:4 | Reached skill level 10 in Dodging
100650 | Depths:4 | Found Hodghof's Book Shop.
100650 | Depths:4 | Found Xoogiy Moome's Jewellery Emporium.
100651 | Depths:4 | Found Giyt's Jewellery Emporium.
100781 | Depths:4 | Bought The Joy of Thaumaturgy for 528 gold pieces
100781 | Depths:4 | Bought a manual of Armour for 1760 gold pieces
101001 | Depths:4 | Found a gate to the Realm of Zot.
101044 | Depths:4 | Killed Neamosu's ghost
101045 | Depths:4 | Reached skill level 5 in Armour
101130 | Depths:4 | Identified the ring "Xeesukky" {Fly rPois Int+2 Dex+4}
101186 | Depths:4 | Noticed a juggernaut
101289 | Depths:4 | Killed a juggernaut
101900 | Slime:1  | Entered Level 1 of the Pits of Slime
101910 | Slime:2  | Reached skill level 15 in Fighting
101912 | Slime:2  | Noticed Dissolution
102150 | Slime:1  | Reached skill level 6 in Armour
102505 | Slime:1  | Received a gift from Sif Muna
102506 | Slime:1  | Got Sif Muna's Octavo of Assembling {god gift}
103008 | Slime:1  | Killed Dissolution
103330 | Slime:4  | Reached skill level 7 in Armour
103506 | Slime:5  | Entered Level 5 of the Pits of Slime
104769 | Slime:5  | Reached XP level 24. HP: 180/189 MP: 9/46
104913 | Slime:5  | Noticed the Royal Jelly
104918 | Slime:4  | Reached skill level 11 in Dodging
105062 | Slime:5  | Killed the Royal Jelly
105145 | Slime:4  | Reached skill level 8 in Armour
106903 | Slime:5  | Identified the +10 demon trident "Minguore" {vamp, rF-
                  | Will++}
106907 | Slime:5  | Identified the +9 scimitar of the Conjuring Rat {vorpal,
                  | rPois}
106917 | Slime:5  | Identified the +8 war axe "Liakluc" {freeze, rCorr}
106926 | Slime:5  | Identified the ring of Linearity {Fire Fly rElec rCorr
                  | Str-2}
106932 | Slime:5  | Got a slimy rune of Zot
106986 | Slime:5  | Identified the +10 executioner's axe of Wufarr {vorpal,
                  | rF+}
106991 | Slime:5  | Identified the +7 chain mail of Light {Rampage rC- Dex+3}
107574 | Zig:1    | Entered Level 1 of a ziggurat
107670 | Zig:2    | Entered Level 2 of a ziggurat
107673 | Zig:2    | Noticed Doump the pandemonium lord
107682 | Zig:2    | Killed Doump the pandemonium lord
107872 | Zig:3    | Entered Level 3 of a ziggurat
108016 | Zig:4    | Entered Level 4 of a ziggurat
108024 | Zig:4    | Reached skill level 9 in Armour
108026 | Zig:4    | Reached skill level 16 in Fighting
108167 | Zig:5    | Entered Level 5 of a ziggurat
108523 | Zig:5    | Identified the +2 sling "Vyppa" {freeze, rPois rC++ Will+
                  | Str-4}
108524 | Zig:5    | Identified the +7 plate armour of Onaomnot {+Inv rElec
                  | rCorr}
108662 | Zot:1    | Entered Level 1 of the Realm of Zot
108715 | Zot:1    | Learned a level 1 spell: Apportation
108718 | Zot:1    | Learned a level 2 spell: Passwall
109651 | Zot:3    | Reached skill level 12 in Dodging
110028 | Zot:3    | Reached skill level 10 in Armour
111012 | Zot:3    | You are sucked into a shaft and drop 1 floor!
111012 | Zot:4    | Found a transporter.
111015 | Zot:4    | Found a transporter.
111016 | Zot:4    | Found a transporter.
111017 | Zot:4    | Found a transporter.
111281 | Zot:4    | Reached skill level 11 in Armour
111465 | Zot:4    | Reached skill level 20 in Spellcasting
112600 | Zot:4    | Reached skill level 12 in Armour
113420 | Zot:5    | Entered Level 5 of the Realm of Zot
113893 | Zot:5    | Reached skill level 21 in Spellcasting
114045 | Zot:5    | Received a gift from Sif Muna
114064 | Zot:5    | Got Sif Muna's Anthology of the Dimensional Barrage {god
                  | gift}
115400 | Zot:5    | Reached XP level 25. HP: 181/197 MP: 12/48
115979 | Zot:5    | Noticed a Killer Klown
115984 | Zot:5    | Killed a Killer Klown
115985 | Zot:5    | Reached skill level 22 in Spellcasting
116246 | Zot:5    | Noticed an ancient lich
116253 | Zot:5    | Noticed an ancient lich
116257 | Zot:5    | Killed an ancient lich
116264 | Zot:5    | Noticed an ancient lich
116265 | Zot:5    | Killed an ancient lich
116266 | Zot:5    | Noticed an orb of fire
116270 | Zot:5    | Killed an ancient lich
116275 | Zot:5    | Killed an orb of fire
116284 | Zot:5    | Reached skill level 23 in Spellcasting
116390 | Zot:5    | Noticed an orb of fire
116402 | Zot:5    | Killed an orb of fire
116986 | Zot:5    | Noticed an orb of fire
116999 | Zot:5    | Killed an orb of fire
117299 | Zot:5    | Noticed a dread lich
117300 | Zot:5    | Noticed a dread lich
117303 | Zot:5    | Noticed an orb of fire
117304 | Zot:5    | Killed a dread lich
117307 | Zot:5    | Killed a dread lich
117322 | Zot:5    | Killed an orb of fire
117759 | Zot:5    | Noticed a Killer Klown
117770 | Zot:5    | Killed a Killer Klown
117771 | Zot:5    | Reached skill level 24 in Spellcasting
118846 | Zot:5    | Noticed a dread lich
118853 | Zot:5    | Killed a dread lich
119120 | Zot:5    | Reached skill level 25 in Spellcasting
119829 | Zot:5    | Got the Orb of Zot
119930 | Zot:3    | Noticed Irof the pandemonium lord
120198 | D:9      | Noticed Alioqeaf the pandemonium lord
120428 | D:$      | Escaped with the Orb!

Illustrated notes

Levels and vault maps discovered:
D:1:      shiori_arrival_elements, layout_basic, solitary_fountain
D:2:      layout_basic, shapermc_ecumenical_altar_mp_ritualfount, basic_altar
D:3:      layout_rooms, mainiacjoe_overflow_surrounded_room,
          gammafunk_ghost_smash, minmay_ruptured
D:4:      gammafunk_steamed_eel, layout_cave_pools, ebering_ghost_gozag
D:5:      layout_gridville, chequers_decorated_corner
D:6:      layout_rooms, minmay_temple_entry_overgrown, serial_shops,
          nicolae_shop_overgrown_old_shop, chequers_serial_rivers_large_b,
          amcnicky_mini_rare_corridor_liquid
D:7:      layout_loops_cross, grunt_temple_overflow_champion_of_chaos,
          nicolae_gozag_seed_capital, lemuel_round_altar,
          grunt_qazlal_sundering, grunt_dithmenos_shadows,
          nicolae_sif_muna_little_library, nicolae_yredelemnul_ghost_church
D:8:      layout_layer_cave, lair_entry_dummy, minmay_fractal_squares_5,
          uniq_prince_ribbit1
D:9:      minmay_bloctagon, layout_irregular_city,
          amethyst_overflow_temple_binary
D:10:     layout_basic, serial_shops, shop, lightli_church_of_beogh, uniq_erica
D:11:     layout_small_grid, erik_orc_4
D:12:     layout_basic, portal_ice_cave_entry_pillars_2, uniq_urug, uniq_snorg
D:13:     layout_roguey, david_vaults_4, gammafunk_ghost_mausoleum
D:14:     layout_loops_corners, nicolae_cairo_tiling_large, st_stairs_5,
          grunt_decor_cap, uniq_rupert
D:15:     gammafunk_depths_entry_grave, layout_cave_pods,
          nicolae_wu_jian_wuxing_cycle, serial_shops,
          nicolae_shop_hallway_stairs, nzn_hepliaklqana_mist_gate
Temple:   minmay_freezing_vapour_temple
Lair:1:   layout_big_grid
Lair:2:   layout_concentric_octagons, elwin_shoals_entry_rooms,
          minmay_snake_entry_six_corridors, nicolae_lair_lil_pond, uniq_amaemon,
          uniq_sonja, uniq_gastronok
Lair:3:   layout_big_grid, serial_bayou, serial_bayou_pond_a,
          serial_bayou_shore_a, serial_bayou_lagoon_a, serial_bayou_shore_b,
          nicolae_lair_grove_arrangements, hibernation_bobbens, uniq_nessos
Lair:4:   layout_roguey, bobbens_dragon_lair_wall, grunt_megastairs_1,
          infiniplex_staircase_pool_2
Lair:5:   grunt_lair_end_beastmaster, layout_cave_pods,
          minmay_slime_entry_oklob_enclosed, basic_altar, worms_lemuel
Shoals:1: layout_shoals, st_sunken_temple
Shoals:2: layout_shoals, uniq_polyphemus
Shoals:3: layout_shoals, nicolae_shoals_hidden_pirate_stash
Shoals:4: shoals_end_grunt_garden, layout_shoals, nicolae_shoals_isolated_beach
Snake:1:  layout_chambers, nicolae_snake_snakes_in_the_grass
Snake:2:  layout_honeycomb, uniq_vashnia, uniq_louise
Snake:3:  layout_layer_cave, gammafunk_ghost_wrathful_warriors,
          grunt_ministairs_1, st_stairs_11, uniq_aizul
Snake:4:  snake_pit, layout_grid_maze, uniq_agnes
Slime:1:  cheibrodos_slime_lost_civilization_3, layout_caves
Slime:2:  layout_caves, uniq_dissolution
Slime:3:  layout_caves
Slime:4:  layout_caves, cheibrodos_slime_lost_civilization_7
Slime:5
Orc:1:    layout_caves, serial_shops, nicolae_shop_stone,
          gammafunk_ghost_stat_death
Orc:2:    grunt_orc_community_town_hall, layout_diamond_mine,
          grunt_orc_community_big_house_1, grunt_orc_community_big_house_1,
          grunt_orc_community_house_2, grunt_orc_community_house_3,
          grunt_orc_community_house_2, grunt_orc_community_house_1,
          library_closet
Elf:1:    nicolae_elf_arrival_fired_up, layout_geoelf_diagonals,
          hangedman_elf_represent
Elf:2:    nicolae_elf_blades_splatter_lattice [nooodl_blade_entry_preview],
          layout_rooms
Elf:3:    elf_hall, layout_rooms, serial_shops, nicolae_square_shop
Vaults:1: nicolae_vaults_little_squares_6, vaults_dpeg_hooks, st_greater_box_3,
          v_misc_5, vaults_room_grunt_arrival_ludios,
          nicolae_vaults_hallways_thing, vaults_dpeg_emergency_exit,
          vaults_dpeg_diagonal, layout_vaults_big_room
Vaults:2: v_misc_18, hangedman_vaults_corner, minmay_crypt_entry_vampire_xt,
          vaults_room_hallway, hangedman_vaults_impose, v_misc_23,
          hangedman_vaults_trim, hangedman_vaults_corner_blocks,
          vaults_room_door_ring, ontoclasm_vaults_loading_screen,
          vaults_room_corners, layout_vaults_omnigrid
Vaults:3: v_misc_19, v_misc_2, grunt_vaults_twisty,
          nicolae_vaults_stairing_the_circle, hangedman_vaults_maws,
          vaults_dpeg_ring, v_misc_27, nicolae_vaults_shelves_hall,
          hangedman_vaults_cutoff, nicolae_vaults_diagonal_hallway_7,
          layout_vaults_omnicross
Vaults:4: hangedman_vaults_variations, vaults_room_octagon,
          dpeg_vaults_monster_row, hangedman_vaults_locks,
          vaults_room_ringed_pool, nicolae_vaults_statue_guard, v_misc_3,
          vaults_standard_mumra_lines, v_rooms_3, vaults_dpeg_encased_lava,
          layout_vaults_maze_snakey
Crypt:1:  layout_misc_corridors, uniq_zenata
Crypt:2:  layout_rooms, ebering_ghost_reflecting_pool
Crypt:3:  due_elkab, layout_chaotic_city, ebering_ghost_reflecting_pool
Depths:1: layout_twisted_cross, enter_ziggurat_f, hell_entry,
          grunt_pan_entry_in_and_out, nicolae_sextant, tgw_trog, uniq_bai_suzhen
Depths:2: nicolae_cairo_tiling_very_big, layout_gridlike, pan_entry,
          mu_enter_wizlab_7, chequers_jeans, grunt_mini_vestibule, serial_shops,
          shop_coins
Depths:3: minmay_gate_of_8, layout_cave_pools, hell_entry, abyss_entry_crystal,
          hangedman_decor_push, serial_bayou_shore_b
Depths:4: evilmike_zot_entry_basic, layout_cave_pools, gammafunk_ghost_ooze,
          hangedman_tar_grid_catacomb, pan_entry,
          hangedman_decor_clover_reticule, grunt_tough_drop, minmay_shop_grove,
          uniq_jory
Zot:1:    layout_gridville
Zot:2:    layout_basic, grunt_megastairs_5
Zot:3:    layout_misc_corridors
Zot:4:    layout_onion_interference, nicolae_diode_quadrants
Zot:5:    layout_basic

Skill      XL: |  1  2  3  4  5  6  7  8  9 10 11 12 13 14 15 16 17 18 19 20 21 22 23 24 25 |
---------------+----------------------------------------------------------------------------+-----
Conjurations   | 1 2 4 5 6 9 10 11 12 14 | 14.0
Spellcasting   | 2 3 4 6 9 10 12 14 16 18 19 21 25 | 25.4
Stealth        | 1 2 4 |  4.0
Air Magic      | 2 4 8 12 | 12.0
Poison Magic   | 2 6 8 |  8.0
Fire Magic     | 3 4 |  4.0
Hexes          | 1 2 5 6 |  6.0
Dodging        | 1 3 4 6 8 10 12 | 12.0
Fighting       | 7 8 10 12 13 15 16 | 16.0
Shields        | 2 4 7 8 9 10 | 10.0
Earth Magic    | 1 4 6 8 10 | 10.0
Invocations    | 4 6 7 9 10 12 13 15 | 15.0
Evocations     | 4 5 9 |  9.0
Necromancy     | 5 9 |  9.0
Transmutations | 5 8 |  8.0
Armour         | 4 7 12 | 12.0
Translocations | 4 |  4.0
Polearms       | |  1.0

Action                   |  1- 3 |  4- 6 |  7- 9 | 10-12 | 13-15 | 16-18 | 19-21 | 22-24 | 25-27 || total
-------------------------+-------+-------+-------+-------+-------+-------+-------+-------+-------++-------
Melee: Spear             |    36 |    59 |   144 |    29 |    27 |    69 |     7 |       |       ||   371
       Punch             |       |     1 |     3 |       |       |       |       |       |       ||     4
       Staff             |       |       |     1 |    34 |    57 |    68 |    51 |    83 |    26 ||   320
Throw: Dart              |       |     8 |     1 |    11 |     1 |     7 |     5 |     1 |       ||    34
 Cast: Foxfire           |    58 |    76 |   105 |    91 |    21 |       |       |       |       ||   351
       Poisonous Vapours |       |    44 |    99 |     1 |       |       |       |     6 |       ||   150
       Inner Flame       |       |       |    29 |    87 |   110 |       |       |       |       ||   226
       Olgreb's Toxic Ra |       |       |     9 |    72 |   100 |     8 |       |       |       ||   189
       Sticky Flame      |       |       |       |    20 |    19 |       |       |       |       ||    39
       Stone Arrow       |       |       |       |    86 |   193 |   301 |   134 |     1 |       ||   715
       Swiftness         |       |       |       |     1 |     2 |       |       |       |       ||     3
       Borgnjor's Vile C |       |       |       |       |    97 |   131 |    85 |   104 |    36 ||   453
       Vampiric Draining |       |       |       |       |    19 |    12 |       |     4 |       ||    35
       Irradiate         |       |       |       |       |    36 |    62 |    25 |    48 |    18 ||   189
       Flame Wave        |       |       |       |       |    59 |    97 |       |       |       ||   156
       Fireball          |       |       |       |       |    17 |    66 |     9 |     3 |       ||    95
       Conjure Ball Ligh |       |       |       |       |       |    50 |   340 |   322 |       ||   712
       Arcjolt           |       |       |       |       |       |    46 |    55 |     3 |     2 ||   106
       Iron Shot         |       |       |       |       |       |       |    39 |   409 |   134 ||   582
       Blink             |       |       |       |       |       |       |       |     1 |       ||     1
       Maxwell's Capacit |       |       |       |       |       |       |       |     1 |     1 ||     2
       Passwall          |       |       |       |       |       |       |       |       |     1 ||     1
Invok: Channel Magic     |       |       |       |    10 |    21 |    28 |    21 |    28 |    10 ||   118
       Forget Spell      |       |       |       |       |     1 |     1 |       |       |       ||     2
       Divine Exegesis   |       |       |       |       |       |       |       |     1 |     1 ||     2
Evoke: Wand              |       |       |     7 |     7 |    23 |     5 |    11 |    15 |     2 ||    70
       Condenser vane    |       |       |       |       |     1 |     1 |       |     1 |       ||     3
       Box of beasts     |       |       |       |       |       |       |     1 |       |     1 ||     2
       Phial of floods   |       |       |       |       |       |       |     1 |       |       ||     1
       Phantom mirror    |       |       |       |       |       |       |       |       |     1 ||     1
  Use: Scroll            |       |     6 |     7 |    10 |     9 |     3 |    14 |    20 |     2 ||    71
 Stab: Invisible         |       |     2 |       |       |       |       |       |       |       ||     2
Armor: Leather armour    |     6 |    13 |    46 |    67 |   161 |   144 |    89 |    61 |       ||   587
       Robe              |       |       |    10 |       |       |       |       |       |       ||    10
       Swamp dragon scal |       |       |       |       |       |       |       |    63 |    48 ||   111
Dodge: Dodged            |    15 |    45 |    91 |    92 |   243 |   323 |   141 |   257 |    55 ||  1262
       Repelled          |       |       |       |       |       |    30 |     6 |    19 |     5 ||    60
Block: Buckler           |       |       |       |    38 |   328 |   605 |   305 |   313 |    92 ||  1681
       Kite shield       |       |       |       |       |       |       |       |    36 |       ||    36
       Reflection        |       |       |       |       |       |       |       |     4 |       ||     4

Table legend: (Time is in decaauts)
 A = Elapsed time spent in this place.
 B = Non-inter-level travel time spent in this place.
 C = Inter-level travel time spent in this place.
 D = Time resting spent in this place.
 E = Time spent auto-exploring this place.
 F = Levels seen in this place.
 G = Mean time per level.
                   A        B        C        D        E       F      G
               +--------+--------+--------+--------+--------+-----+--------+
         Total | 120871 | 114249 |   6622 |  42416 |  55345 |  62 | 1949.5 |
       Dungeon |  29873 |  26562 |   3311 |   8272 |  14521 |  15 | 1991.5 |
        Temple |     20 |     20 |      0 |     19 |      0 |   1 |   20.0 |
          Lair |  11179 |  10362 |    817 |   3748 |   5207 |   5 | 2235.8 |
        Shoals |   9135 |   8821 |    314 |   2532 |   4825 |   4 | 2283.8 |
     Snake Pit |   9304 |   9174 |    130 |    891 |   7028 |   4 | 2326.0 |
    Slime Pits |   4924 |   4788 |    136 |   3703 |    452 |   5 |  984.8 |
  Orcish Mines |   2805 |   2550 |    255 |    326 |   1751 |   2 | 1402.5 |
   Elven Halls |   8197 |   7904 |    293 |   3842 |   3165 |   3 | 2732.3 |
        Vaults |  12997 |  12451 |    546 |   2464 |   8269 |   4 | 3249.2 |
         Crypt |   7790 |   7623 |    167 |   2326 |   3933 |   3 | 2596.7 |
        Depths |   9007 |   8497 |    510 |   3252 |   4176 |   4 | 2251.8 |
           Zot |  11344 |  11206 |    138 |   8436 |   1177 |   5 | 2268.8 |
      Ziggurat |    956 |    956 |      0 |    603 |    218 |   5 |  191.2 |
      Ice Cave |   1491 |   1491 |      0 |   1009 |    210 |   1 | 1491.0 |
        Wizlab |   1841 |   1841 |      0 |    993 |    412 |   1 | 1841.0 |
               +--------+--------+--------+--------+--------+-----+--------+

Top non-repeatable levels by time:
   Zot:5: 5882 daAuts
Vaults:1: 4165 daAuts
 Crypt:3: 4083 daAuts
  Lair:5: 3770 daAuts
     D:9: 3563 daAuts
Vaults:2: 3309 daAuts
   Elf:2: 3242 daAuts
     D:8: 2952 daAuts
Vaults:3: 2842 daAuts
Shoals:3: 2798 daAuts
Vaults:4: 2679 daAuts
 Snake:4: 2674 daAuts
   Elf:1: 2618 daAuts
Depths:2: 2525 daAuts
   Zot:4: 2495 daAuts
